 Dungeon Crawl Stone Soup version 0.30-a0-377-g5cb311bc9f (webtiles) character file.

Game seed: 3909927732690443892

6732 NinjaNoafa the Summoner (level 10, -9/46 HPs)
             Began as a Felid Summoner on Nov 29, 2022.
             Was an Initiate of Gozag.
             Killed from afar by a rime drake (29 damage)
             ... with an icy flash freeze
             ... on level 11 of the Dungeon.
             The game lasted 00:46:00 (15270 turns).

NinjaNoafa the Summoner (Felid Summoner)           Turns: 15270, Time: 00:46:01

Health: -9/46      AC:  2    Str:  4    XL:     10   Next: 75%
Magic:  4/25       EV: 23    Int: 20    God:    Gozag
Gold:   1587       SH:  5    Dex: 18    Spells: 10/29 levels left
                                        Lives:  0   Deaths: 2

rFire   . . .      SeeInvis +    (weapon unavailable)
rCold   . . .      Faith    .    (shield unavailable)
rNeg    + + .      Spirit   .    (body armour unavailable)
rPois   .          Reflect  +    (helmet unavailable)
rElec   .          Harm     .    (cloak unavailable)
rCorr   .          Rampage  .    (gloves unavailable)
Will    +....                    (boots unavailable)
Stlth   ++........               A - amulet of reflection
HPRegen 0.27/turn                l - ring of positive energy
MPRegen 0.19/turn                E - ring of positive energy

@: quick
A: very small, claws 1, fangs 3, see invisible, speed 1, shaggy fur 2, stealthy
paws, no weapons or thrown items, no armour, multi-lived
a: Renounce Religion, Potion Petition, Call Merchant, Bribe Branch


You were on level 11 of the Dungeon.
You worshipped Gozag.
Gozag was most pleased with you.
You visited 2 branches of the dungeon, and saw 12 of its levels.
You also visited: Ossuary.

You collected 1697 gold pieces.
You paid 110 gold pieces to Gozag.

Inventory:

Jewellery
 l - a ring of positive energy (left paw)
 u - a ring of flight
 A - an amulet of reflection (around neck)
 E - a ring of positive energy (right paw)
Wands
 b - a wand of digging (7)
 z - a wand of iceblast (20)
 D - a wand of flame (17)
Scrolls
 e - 3 scrolls of amnesia {unknown}
 f - 4 scrolls of teleportation
 k - 2 scrolls of fear
 m - 4 scrolls of enchant weapon {unknown}
 r - 3 scrolls of magic mapping {unknown}
 s - 3 scrolls of butterflies {unknown}
 v - 2 scrolls of noise {unknown}
 w - a scroll of blinking {unknown}
 x - a scroll of silence {unknown}
 y - a scroll of summoning {unknown}
 F - a scroll of torment {unknown}
Potions
 a - 5 potions of magic
 c - 7 potions of heal wounds
 d - 3 potions of degeneration {unknown}
 g - a potion of cancellation
 h - 4 potions of haste
 i - 8 potions of ambrosia
 j - 3 potions of attraction
 n - 6 potions of might
 o - 5 potions of brilliance
 p - 3 potions of berserk rage
 q - 3 potions of mutation
 B - 2 potions of flight
 C - a potion of lignification
 G - 2 potions of invisibility {unknown}
 H - a potion of resistance


   Skills:
 + Level 6.6 Fighting
 + Level 9.3 Dodging
 - Level 2.6 Stealth
 - Level 10.0 Spellcasting
 - Level 5.0 Hexes
 - Level 10.0 Summonings
 + Level 3.0 Translocations
 - Level 7.0 Air Magic


You had 10 spell levels left.
You knew the following spells:

 Your Spells              Type           Power      Damage    Failure   Level
a - Summon Small Mammal   Summ           100%       N/A       1%          1
b - Call Imp              Summ           50%        N/A       1%          2
c - Call Canine Familiar  Summ           50%        N/A       1%          3
d - Summon Guardian Gole  Hex/Summ       40%        N/A       1%          3
e - Summon Lightning Spi  Summ/Air       44%        N/A       1%          4
f - Teleport Other        Tloc           22%        N/A       6%          3
g - Gell's Gravitas       Tloc           22%        N/A       6%          3

Your spell library contained the following spells:

 Spells                   Type           Power      Damage    Failure   Level
 Momentum Strike          Conj/Tloc      32%        3d8       5%          2
 Lesser Beckoning         Tloc           44%        N/A       6%          3
 Sting                    Tmut/Pois      40%        1d5       7%          1
 Dazzling Flash           Conj/Hex       40%        N/A       8%          3
 Inner Flame              Hex/Fire       20%        N/A       8%          3
 Cause Fear               Hex            15%        N/A       9%          4
 Sublimation of Blood     Necr           10%        N/A       11%         2
 Manifold Assault         Tloc           22%        N/A       21%         4
 Iskenderun's Mystic Bla  Conj/Tloc      16%        2d5       36%         4
 Petrify                  Tmut/Erth      10%        N/A       56%         4
 Irradiate                Conj/Tmut      5%         3d13      88%         5
 Dispersal                Tloc           11%        N/A       97%         6
 Eringya's Noxious Bog    Tmut/Pois      5%         N/A       100%        6
 Starburst                Conj/Fire      5%         6d4       100%        6
 Discord                  Hex            15%        N/A       100%        8
 Disjunction              Tloc           11%        N/A       100%        8


Dungeon Overview and Level Annotations

Branches:
Dungeon (11/15)            Temple (1/1) D:6             Orc (0/2) D:10
Ossuary (visited)
   Lair: D:8-11

Altars:
Ashenzari
Cheibriados
Dithmenos
Elyvilon
Fedhas
Gozag
Hepliaklqana
Kikubaaqudgha
Makhleb
Nemelex Xobeh
Okawaru
Qazlal
Ru
Sif Muna
Trog
Uskayaw
Vehumet
Wu Jian
Xom
Yredelemnul
Zin
The Shining One

Shops:
D:5 (   D:10 [


Innate Abilities, Weirdness & Mutations

You have sharp claws.
You have razor-sharp teeth.
You have supernaturally acute eyesight. (SInv)
You cover ground quickly. (Speed+)
You are covered in thick fur. (AC +2)
Your paws help you pounce on unaware monsters.
You are incapable of wielding weapons or throwing items.
You cannot wear armour.
You gain extra lives every three experience levels.


Message History

The wolf bites your guardian golem. Flame seeps out of your guardian golem.
The wolf bites your guardian golem. Flame seeps out of your guardian golem.
Your guardian golem is engulfed in blazing flames.
Flame seeps out of your guardian golem. The wolf bites your guardian golem.
Flame seeps out of your guardian golem.
Your guardian golem is engulfed in blazing flames.
Flame seeps out of your guardian golem. The rime drake breathes ice at you.
The icy flash freeze hits your guardian golem!
Your guardian golem partially resists.
Your guardian golem disappears in a puff of smoke!
Your guardian golem explodes!
The fiery explosion engulfs the rime drake!!
The fiery explosion engulfs the wolf!!
The wolf dies!
Your Translocations skill increases to level 3!
You swap places.
Casting: Call Canine Familiar (safe; 1% risk of failure)
Confirm with . or Enter, or press ? or * to list all spells.
A beastly little devil appears in a puff of flame.
The rime drake breathes ice at you. The icy flash freeze hits your wolf!
Your wolf is flash-frozen.
Your crimson imp blinks!
Your wolf is no longer encased in ice.
The rime drake breathes ice at you. The icy flash freeze hits your wolf!!
Your wolf dies!
Your wolf's corpse disappears in a puff of smoke!
Your crimson imp blinks!
The rime drake breathes ice at you. The icy flash freeze hits you!!
You are encased in ice.
Your crimson imp blinks!
The ice encasing you melts away. The rime drake breathes ice at you.
The icy flash freeze hits you!!
Ouch! That really hurt!
You die...
Your body crumbles into a pile of gold.

#.......#.#
#.###.#.#.# #.#
#. #.#.#.# #.#
#. #.#.#.# #.#
#.#.#.# #.#
#.#.#$# #.# #.#
#.#
#.####.####.###
#$k☼...@(§..5..
######.####.###
...# ###.# ###


You could see a rime drake (catching breath, ally target) and a friendly crimson
imp (summoned).

Vanquished Creatures
  A killer bee (D:9)
  An orc (D:6)
  A jackal (D:1)
  A frilled lizard (D:3)
4 creatures vanquished.

Vanquished Creatures (collateral kills)
  3 two-headed ogres
  Sonja (D:10)
  Amaemon (D:8)
  Pikel (D:8)
  The ghost of DrKenneth the Shield-Bearer, a novice MiFi (D:5)
  An orange demon (D:8)
  Maggie (D:8)
  A queen bee (D:9)
  A shadow (D:9)
  A wyvern (D:8)
  Sigmund (D:2)
  6 yaks (D:10)
  2 steam dragons (D:8)
  Edmund (D:5)
  An acid dragon (D:9)
  2 water moccasins
  Duvessa (D:6)
  5 orc warriors
  2 sky beasts (D:6)
  3 black bears
  2 wolves
  An ogre (D:4)
  A centaur (D:9)
  2 lemures (D:8)
  A phantom (D:5)
  A necrophage (D:6)
  2 gnoll sergeants
  4 scorpions
  7 wights (D:8)
  Dowan (D:6)
  22 killer bees
  A crimson imp (D:10)
  A centaur zombie (Ossuary)
  4 hounds
  3 jellies
  5 gnoll boudas
  3 orc priests
  Crazy Yiuf (D:2)
  4 iguanas
  6 orc wizards
  5 mummies (Ossuary)
  31 gnolls
  8 adders
  A shadow imp (D:6)
  2 white imps
  An adder zombie (D:3)
  3 worms
  2 dart slugs (D:1)
  36 orcs
  7 endoplasms
  A giant cockroach (D:3)
  7 goblins
  5 hobgoblins
  17 jackals
  2 quokkas (D:2)
  4 ball pythons
  4 bats
  7 frilled lizards
  A giant cockroach zombie (D:3)
  2 hobgoblin zombies (Ossuary)
  4 kobolds
  A quokka zombie (D:3)
  11 rats
270 creatures vanquished.

Vanquished Creatures (others)
  A boulder beetle (D:10)
  A polar bear (D:10)
  4 yaks (D:10)
  A wraith (D:10)
  An orc warrior (D:10)
  A wolf (D:11)
  An ogre (D:7)
  2 wights (D:8)
  2 orc priests
  A gnoll (D:7)
15 creatures vanquished.

Grand Total: 289 creatures vanquished

Notes
Turn   | Place    | Note
-------+----------+-------------------------------------------
     0 | D:1      | NinjaNoafa the Felid Summoner began the quest for the Orb.
     0 | D:1      | Reached XP level 1. HP: 7/7 MP: 4/4
   237 | D:1      | Reached XP level 2. HP: 11/11 MP: 1/6
   261 | D:1      | Learned a level 2 spell: Call Imp
   884 | D:1      | Reached XP level 3. HP: 14/14 MP: 0/8
  1550 | D:2      | Learned a level 3 spell: Call Canine Familiar
  1585 | D:2      | Noticed Sigmund
  1596 | D:2      | Killed Sigmund
  1597 | D:2      | Reached skill level 5 in Summonings
  1597 | D:2      | Reached XP level 4. HP: 18/18 MP: 3/11
  1597 | D:2      | Reached XP level 5. HP: 21/21 MP: 3/12
  2239 | D:2      | Found a runed translucent door.
  2240 | D:2      | Noticed Crazy Yiuf
  2629 | D:3      | Found a basalt altar of Yredelemnul.
  2841 | D:3      | Gained mutation: You are covered in thick fur. (AC +2)
                  | [Felid growth]
  2841 | D:3      | Reached XP level 6. HP: 24/24 MP: 9/13
  3005 | D:3      | Learned a level 3 spell: Summon Guardian Golem
  3641 | D:4      | Found a sand-covered staircase.
  3649 | Ossuary  | Entered an ossuary
  3921 | D:4      | Reached skill level 5 in Spellcasting
  4185 | D:4      | Found a blossoming altar of Fedhas.
  4275 | D:4      | Reached XP level 7. HP: 19/27 MP: 5/15
  5109 | D:5      | Entered Level 5 of the Dungeon
  5428 | D:5      | Got the Directory of Confrontation and Toxicity
  5633 | D:4      | Reached XP level 8. HP: 31/31 MP: 7/18
  5839 | D:5      | Found a runed translucent gate.
  5887 | D:5      | Identified the +4 scale mail "Uxkozidgha" {*Slow rC+ rN+
                  | SInv}
  5905 | D:5      | Found a hide-covered altar of Uskayaw.
  6092 | D:5      | Found Apuikoth's Weapon Shoppe.
  6147 | D:5      | Noticed Edmund
  6313 | D:5      | Found a glowing silver altar of Zin.
  6340 | D:5      | Found a hazy altar of Hepliaklqana.
  6368 | D:5      | Found a bloodstained altar of Trog.
  6564 | D:5      | Killed Edmund
  6692 | D:5      | Found a runed translucent gate.
  6693 | D:5      | Found a runed translucent gate.
  6701 | D:5      | Noticed DrKenneth's ghost (novice MiFi)
  6959 | D:2      | Killed Crazy Yiuf
  7277 | D:6      | Reached skill level 5 in Hexes
  7777 | D:6      | Found a staircase to the Ecumenical Temple.
  7865 | D:6      | Identified the +10 dagger "Buavaeno" {freeze, Will+}
  7874 | Temple   | Entered the Ecumenical Temple
  7923 | Temple   | Became a worshipper of Gozag Ym Sagoz the Greedy
  8019 | D:6      | Reached XP level 9. HP: 34/34 MP: 14/21
  8413 | D:6      | Noticed Duvessa
  8413 | D:6      | Noticed Dowan
  8424 | D:6      | Killed Duvessa
  8444 | D:6      | Killed Dowan
  9287 | D:7      | Learned a level 4 spell: Summon Lightning Spire
  9348 | D:7      | Found a large runed translucent door.
  9349 | D:7      | Found a large runed translucent door.
  9369 | D:7      | Identified the +3 quarterstaff "Cenkin" {antimagic, Str+2
                  | Int+4}
  9452 | D:7      | Found an iron altar of Okawaru.
  9525 | D:7      | Found an ancient bone altar of Kikubaaqudgha.
  9651 | D:7      | Reached skill level 1 in Air Magic
 10112 | D:7      | Found a shadowy altar of Dithmenos.
 10117 | D:7      | Found a glowing golden altar of the Shining One.
 10297 | D:8      | Noticed Amaemon
 10310 | D:8      | Noticed an orange demon
 10314 | D:8      | Killed Amaemon
 10315 | D:8      | Reached skill level 10 in Summonings
 10337 | D:8      | Killed an orange demon
 10413 | D:8      | Noticed a two-headed ogre
 10420 | D:8      | Killed a two-headed ogre
 10421 | D:8      | Reached XP level 10. HP: 37/37 MP: 16/24
 10612 | D:8      | Noticed Pikel
 10630 | D:8      | Killed Pikel
 10631 | D:8      | Reached skill level 5 in Air Magic
 10870 | D:8      | Identified the +5 hand axe "Etheus" {holy, *Noise rC+++
                  | Str+4}
 11123 | D:8      | Reached skill level 10 in Spellcasting
 11328 | D:8      | Noticed Maggie
 11348 | D:8      | Killed Maggie
 11410 | D:8      | Found a shimmering altar of Xom.
 11676 | D:9      | You fall into a shaft and drop 2 floors!
 11689 | D:11     | Noticed a boulder beetle
 11695 | D:10     | Entered Level 10 of the Dungeon
 11710 | D:10     | Noticed Sonja
 11724 | D:10     | Killed Sonja
 12099 | D:9      | Killed from afar by an acid dragon
 12100 | D:9      | Reached XP level 9. HP: -7/37 MP: 22/24
 12151 | D:9      | Reached XP level 10. HP: 13/41 MP: 13/25
 12295 | D:9      | Reached skill level 5 in Dodging
 13480 | D:5      | Killed DrKenneth's ghost
 13625 | D:10     | HP: 2/43 [polar bear (10)]
 13625 | D:10     | Slain by a polar bear
 13626 | D:10     | Reached XP level 9. HP: -2/39 MP: 21/24
 13641 | D:10     | Noticed a two-headed ogre
 13653 | D:10     | Found Nuugoz's Armour Shoppe.
 13673 | D:10     | Killed a two-headed ogre
 13847 | D:10     | Reached skill level 5 in Fighting
 13854 | D:10     | Reached XP level 10. HP: 44/44 MP: 16/25
 13996 | D:10     | Found a broken altar of Ashenzari.
 14065 | D:10     | Found a sparkling altar of Nemelex Xobeh.
 14187 | D:10     | Killed a boulder beetle
 14297 | D:10     | Noticed a two-headed ogre
 14314 | D:10     | Killed a two-headed ogre
 14356 | D:10     | HP: 2/45 [yak (3)]
 14553 | D:10     | Found a radiant altar of Vehumet.
 14553 | D:10     | Found a burning altar of Makhleb.
 14666 | D:10     | Reached skill level 1 in Translocations
 15060 | D:10     | Found a staircase to the Orcish Mines.
 15207 | D:10     | Learned a level 3 spell: Teleport Other
 15211 | D:10     | Learned a level 3 spell: Gell's Gravitas
 15270 | D:11     | Killed from afar by a rime drake

Illustrated notes

Levels and vault maps discovered:
D:1:      spicycebolla_arrival_xxxplode, layout_loops_ring
D:2:      layout_loops_ring, uniq_crazy_yiuf_cottage, uniq_sigmund
D:3:      layout_basic, nicolae_yredelemnul_corpse_copse
D:4:      layout_loops_ring, fedhas_altar_1, enter_ossuary_2, minmay_between
D:5:      layout_cave_pools, lemuel_crystal_altar, lemuel_doored_altar,
          lemuel_round_altar, lemuel_tele_altar, biasface_ghost_orc_armoury,
          serial_shops, shop, minmay_increasing_density, uniq_edmund
D:6:      dreamdust_elfheim, layout_basic, temple_pool_b
D:7:      layout_basic, okawaru_trees_2, kennysheep_mini, jmf_multi_god_temple2
D:8:      layout_basic, amcnicky_altar_gilded, uniq_amaemon, uniq_pikel,
          uniq_maggie
D:9:      layout_cave_pools, special_room [special_room_bee],
          minmay_misc_feat_roman
D:10:     layout_basic, nicolae_ashenzari_skybound,
          grunt_temple_overflow_lords_of_destruction,
          nemelex_spade_bored_becter, david_orc_3, serial_shops,
          nicolae_shop_stone, uniq_sonja
D:11:     layout_basic, hellmonk_lair_entry_icy, grunt_qazlal_clouds,
          uniq_harold
Temple:   nicolae_temple_ecumenical_triangle

Skill      XL: |  1  2  3  4  5  6  7  8  9 10 |
---------------+-------------------------------+-----
Spellcasting   | 4 5 6 7 9 10 | 10.0
Summonings     | 5 6 7 8 10 | 10.0
Hexes          | 2 5 |  5.0
Air Magic      | 4 7 |  7.0
Fighting       | 5 6 |  6.6
Dodging        | 7 9 |  9.3
Translocations | 3 |  3.0
Stealth        | |  2.6

Action                   |  1- 3 |  4- 6 |  7- 9 | 10-12 || total
-------------------------+-------+-------+-------+-------++-------
Melee: Unarmed           |     3 |     4 |     3 |     4 ||    14
       Bite              |       |       |       |     1 ||     1
 Cast: Summon Small Mamm |    52 |    26 |    68 |    16 ||   162
       Call Imp          |    16 |    16 |    46 |    11 ||    89
       Call Canine Famil |     1 |    22 |    55 |    20 ||    98
       Summon Lightning  |       |       |    12 |    50 ||    62
       Summon Guardian G |       |       |     8 |    17 ||    25
       Gell's Gravitas   |       |       |       |     3 ||     3
Evoke: Wand              |       |       |     2 |     2 ||     4
  Use: Potion            |       |       |     1 |     2 ||     3
       Scroll            |       |       |    11 |     7 ||    18
 Stab: Sleeping          |       |     2 |     2 |       ||     4
Armor: Skin              |     1 |     2 |     6 |     7 ||    16
Dodge: Dodged            |    25 |    20 |   106 |   121 ||   272
Block: Other             |       |       |    11 |    34 ||    45
       Reflection        |       |       |     2 |       ||     2

Table legend: (Time is in decaauts)
 A = Elapsed time spent in this place.
 B = Non-inter-level travel time spent in this place.
 C = Inter-level travel time spent in this place.
 D = Time resting spent in this place.
 E = Time spent auto-exploring this place.
 F = Levels seen in this place.
 G = Mean time per level.
                   A        B        C        D        E       F      G
               +--------+--------+--------+--------+--------+-----+--------+
         Total |  13507 |  12738 |    769 |     64 |   9036 |  13 | 1039.0 |
       Dungeon |  13245 |  12480 |    765 |     64 |   8878 |  11 | 1204.1 |
        Temple |     44 |     40 |      4 |      0 |     24 |   1 |   44.0 |
       Ossuary |    218 |    218 |      0 |      0 |    134 |   1 |  218.0 |
               +--------+--------+--------+--------+--------+-----+--------+

Top non-repeatable levels by time:
     D:4: 1651 daAuts
     D:6: 1586 daAuts
    D:10: 1455 daAuts
     D:5: 1445 daAuts
     D:9: 1303 daAuts
     D:1: 1253 daAuts
     D:8: 1212 daAuts
     D:7: 1185 daAuts
     D:2: 1112 daAuts
     D:3: 978 daAuts
 Ossuary: 218 daAuts
    D:11: 62 daAuts
  Temple: 44 daAuts
